 Dungeon Crawl Stone Soup version 0.23.2 (webtiles) character file.

Game seed: 14520004681865013663

54 Borgoz the Sneak (level 3, 0/30 HPs)
             Began as a Ghoul Assassin on Apr 5, 2019.
             Slain by a worm (8 damage)
             ... on level 2 of the Dungeon.
             The game lasted 00:01:56 (1008 turns).

Borgoz the Sneak (Ghoul Assassin)                   Turns: 1008, Time: 00:01:57

Health: 0/30       AC:  3    Str: 11 (14) XL:     3   Next: 91%
Magic:  2/2        EV: 12    Int:  3 (6)  God:
Gold:   70         SH:  0    Dex:  9 (11) Spells: 2/2 levels left

rFire    + . .     SeeInvis .   n - +1 dagger (pain)
rCold    . . .     Gourm    .   (no shield)
rNeg     + + +     Faith    .   c - +0 robe
rPois    ∞         Spirit   .   (no helmet)
rElec    .         Reflect  .   d - +0 cloak
rCorr    .         Harm     .   (no gloves)
MR       .....                  (no boots)
Stlth    ++........             (no amulet)
HPRegen  0.00/turn              j - ring of fire
MPRegen  0.08/turn              (no ring)

@: rotting
A: rotting body, claws 1, carnivore, cold resistance 1, negative energy
resistance 3, inhibited regeneration, torment resistance, unbreathing
a: no special abilities


You were on level 2 of the Dungeon.
You were not hungry.

You visited 1 branch of the dungeon, and saw 2 of its levels.

You collected 70 gold pieces.

Inventory:

Hand Weapons
 a - a +2 dagger
 b - a +0 blowgun
 n - a +1 dagger of pain (weapon)
Missiles
 e - 8 poisoned needles
 f - 2 curare-tipped needles
Armour
 c - a +0 robe (worn)
 d - a +0 cloak (worn)
Jewellery
 j - a ring of fire (left claw)
Scrolls
 h - a scroll of enchant armour {unknown}
 k - 2 scrolls of remove curse {unknown}
 m - a scroll of immolation {unknown}
Comestibles
 g - 2 rations


   Skills:
 + Level 2.6 Fighting
 * Level 2.4 Short Blades
 - Level 1.7 Throwing
 * Level 1.4 Armour
 * Level 1.8 Dodging
 - Level 4.3 Stealth


You had 2 spell levels left.
You didn't know any spells.
Your spell library was empty.

Dungeon Overview and Level Annotations

Branches:
Dungeon (2/15)

Altars:


Innate Abilities, Weirdness & Mutations

Your body is rotting away.
You thrive on raw meat.
You are immune to poison.
You have sharp fingernails.
You are carnivorous and can eat meat at any time.
Your flesh is cold resistant. (rC+)
You are immune to negative energy. (rN+++)
You do not regenerate when monsters are visible.
You are immune to unholy pain and torment.
You can survive without breathing.


Message History

The worm is severely wounded.
The goblin hits you. The worm bites you.
* * * LOW HITPOINT WARNING * * *
The adder bites you but does no damage.
You are too injured to fight recklessly!
You are too injured to fight recklessly!
You are too injured to fight recklessly!
You are too injured to fight recklessly!
You are too injured to fight recklessly!
You are too injured to fight recklessly!
You are too injured to fight recklessly!
You are too injured to fight recklessly!
You are too injured to fight recklessly!
You are too injured to fight recklessly!
You are too injured to fight recklessly!
You are too injured to fight recklessly!
You are too injured to fight recklessly!
You are too injured to fight recklessly!
The adder misses you. The goblin misses you. The worm bites you!
You die...

............[..##
....##.#r#...... .
#.#.#....##.## # #
#.#.#........#.
#.##.##.#.#...........
........................
#.##..#r#.#.............
#.##..#w#.##..#.##......
......S@#.##............
#.##....g...............
................##......
#.##.##.................
# #.####.##............
# #..........#.##...#
####.###.#.#.##...#
#............%.#
#.###.#........#


You could see a worm, an adder, a goblin and a rat.

Vanquished Creatures
  3 gnolls (D:2)
  A dart slug (D:1)
  A leopard gecko (D:1)
  A giant cockroach (D:1)
  3 goblins (D:1)
  A hobgoblin (D:1)
  4 jackals (D:1)
  A ball python (D:2)
  3 bats
  A frilled lizard (D:1)
  3 kobolds (D:1)
  A rat (D:1)
23 creatures vanquished.

Notes
Turn   | Place    | Note
-------+----------+-------------------------------------------
     0 | D:1      | Borgoz the Ghoul Assassin began the quest for the Orb.
     0 | D:1      | Reached XP level 1. HP: 17/17 MP: 0/0
    18 | D:1      | Reached skill level 1 in Dodging
   108 | D:1      | Reached XP level 2. HP: 16/24 MP: 1/1
   302 | D:1      | Reached skill level 1 in Armour
   494 | D:2      | Reached XP level 3. HP: 28/28 MP: 2/2
  1008 | D:2      | Slain by a worm

Skill      XL: |  1  2 |
---------------+-------+-----
Dodging        | 1 |  1.8
Short Blades   | 2 |  2.4
Armour         | 1 |  1.4
Fighting       | |  2.6
Throwing       | |  1.7
Stealth        | |  4.3

Action                   || total
-------------------------++-------
Melee: Dagger            ||    96
  Use: Potion            ||     3
 Stab: Sleeping          ||     6
       Distracted        ||     1
       Invisible         ||     3
Armor: Robe              ||    23
Dodge: Dodged            ||    67
